 Dungeon Crawl Stone Soup version 0.28-a0-1567-g1695149f81 (webtiles) character file.

Game seed: 11480192651991079197

0 meatgazer the Skirmisher (level 1, -2/18 HPs)
             Began as a Demonspawn Abyssal Knight on Jan 19, 2022.
             Was a Follower of Lugonu.
             Slain by a black mamba (9 damage)
             ... summoned by a worldbinder
             ... on level 1 of the Abyss.
             The game lasted 00:00:13 (68 turns).

meatgazer the Skirmisher (Demonspawn Abyssal Knight)  Turns: 68, Time: 00:00:14

Health: -2/18      AC:  3    Str: 13    XL:     1   Next: 0%
Magic:  2/2        EV: 11    Int: 11    God:    Lugonu [*.....]
Gold:   0          SH:  0    Dex: 13    Spells: 0/0 levels left

rFire   . . .      SeeInvis .   a - +1 falchion
rCold   . . .      Faith    .   (no shield)
rNeg    . . .      Spirit   .   b - +0 leather armour
rPois   .          Reflect  .   (no helmet)
rElec   .          Harm     .   (no cloak)
rCorr   .          Rampage  .   (no gloves)
Will    .....                   (no boots)
Stlth   +.........              (no amulet)
HPRegen 0.06/turn               (no ring)
MPRegen 0.08/turn               (no ring)

@: no status effects
A: no striking features
a: Renounce Religion, Depart the Abyss


You were on level 1 of the Abyss.
You worshipped Lugonu.
Lugonu was aware of your devotion.
You visited 0 branches of the dungeon, and saw 0 of its levels.
You visited the Abyss 1 time.

Inventory:

Hand Weapons
 a - a +1 falchion (weapon)
Armour
 b - a +0 leather armour (worn)


   Skills:
 + Level 3.0 Fighting
 + Level 1.7 Long Blades
 + Level 1.7 Armour
 + Level 0.8 Dodging
 + Level 2.4 Invocations


You couldn't memorise any spells.
You didn't know any spells.
Your spell library was empty.

Dungeon Overview and Level Annotations

Branches:
Dungeon (0/15)

Altars:


Message History

Welcome, meatgazer the Demonspawn Abyssal Knight.
Below lies the Orb of Zot, rumoured to be powerful enough to resurrect a god...
Lugonu says: Depart the Abyss and spread corruption, my servant! (use the ability menu to exit the Abyss) Press ? for a list of commands and other information.
Found a corrupted altar of Lugonu.
Found a gateway leading out of the Abyss.
A large abomination emerges from the beyond.
A large abomination comes into view.
A tentacled starspawn comes into view.
A tentacle flies out from the starspawn's body!
A starspawn tentacle comes into view.
A starspawn tentacle comes into view.
Tentacles burst from the starspawn's body! 2 starspawn tentacles come into view.
Found a gateway leading deeper into the Abyss.
Tentacles burst from the starspawn's body! 2 starspawn tentacles come into view.
A worldbinder comes into view.
A tentacle flies out from the starspawn's body!
A starspawn tentacle comes into view.
A starspawn tentacle comes into view.
You hit the worldbinder but do no damage.
The worldbinder hits you. x2; The starspawn tentacle grabs you.
The starspawn tentacle constricts you.
You slash the worldbinder!
The worldbinder is moderately damaged.
The worldbinder hits you. The worldbinder closely misses you.
The starspawn tentacle loses its grip on you.
The tentacle pulls you backwards! The large abomination misses you.
The starspawn tentacle misses you.
The worldbinder calls forth creatures from the Snake Pit!
The black mamba bites you.
There is a gateway leading deeper into the Abyss here.
The black mamba bites you!
Ouch! That really hurt!
You die...

.. .§ .§..#... ....
.§...#.§..#§§. .
...#..##...§..§§# .§§.
......§.....§#...§....#
..#.§§§§.§...§....#§§§§
..#§..§§..#........#..§
§..§.§..§§..§#....#...§
§..§..§...§..§>§.§.§.§.
..§....@X§#§./§. .. .§.
.......Sx§X./ .§..#.#..
.§§#.§§§§.....§§#§... .
..§...S.§S§§§...§§..§ .
.§§§§#....§§§§.#.#.. ..
§.§..§...§§.....#..
§.§.#.§.§§.... ....
§§.§§...§ .......#
§........§.......


You could see a tentacled starspawn, a large abomination, a worldbinder and 3
black mambas.

Vanquished Creatures (others)
  8 starspawn tentacles (Abyss:1)
8 creatures vanquished.

Notes
Turn   | Place    | Note
-------+----------+-------------------------------------------
     0 | Abyss:1  | meatgazer the Demonspawn Abyssal Knight began the quest for
                  | the Orb.
     0 | Abyss:1  | Reached XP level 1. HP: 18/18 MP: 2/2
    27 | Abyss:1  | Noticed a large abomination
    45 | Abyss:1  | Noticed a large abomination
    53 | Abyss:1  | Noticed a tentacled starspawn
    60 | Abyss:1  | Noticed a worldbinder
    67 | Abyss:1  | Noticed a black mamba
    68 | Abyss:1  | Noticed a black mamba
    68 | Abyss:1  | Slain by a black mamba

Illustrated notes

Levels and vault maps discovered:
Abyss:1:  base:
Temple

Action                   || total
-------------------------++-------
Melee: Falchion          ||     2
Dodge: Dodged            ||     3

Table legend: (Time is in decaauts)
 A = Elapsed time spent in this place.
 B = Non-inter-level travel time spent in this place.
 C = Inter-level travel time spent in this place.
 D = Time resting spent in this place.
 E = Time spent auto-exploring this place.
 F = Levels seen in this place.
 G = Mean time per level.
                   A        B        C        D        E       F      G
               +--------+--------+--------+--------+--------+-----+--------+
         Total |     68 |     68 |      0 |      0 |     26 |   1 |   68.0 |
         Abyss |     68 |     68 |      0 |      0 |     26 |   1 |   68.0 |
               +--------+--------+--------+--------+--------+-----+--------+

Top non-repeatable levels by time:
 Abyss:1: 68 daAuts
